 Dungeon Crawl Stone Soup version 0.28-a0-1510-gd0f6b136d3 (webtiles) character file.

Game seed: 16197357838387167019

46 croobank the Caller (level 3, -1/31 HPs)
             Began as an Octopode Summoner on Jan 15, 2022.
             Killed by divine providence
             ... invoked by an orc priest
              (10 damage)
             ... on level 3 of the Dungeon.
             The game lasted 00:07:03 (2257 turns).

croobank the Caller (Octopode Summoner)             Turns: 2257, Time: 00:07:03

Health: -1/31      AC: 21    Str:  9    XL:     3   Next: 68%
Magic:  1/6        EV:  2    Int: 17    God:
Gold:   46         SH:  0    Dex: 12    Spells: 3/6 levels left

rFire   . . .      SeeInvis .   d - +0 whip
rCold   . . .      Faith    .   (no shield)
rNeg    . . .      Spirit   .   (helmet currently unavailable)
rPois   +          Reflect  .   (no amulet)
rElec   .          Harm     .   (no ring)
rCorr   .          Rampage  .   (no ring)
Will    .....      NoTele   +   (no ring)
Stlth   ++........              (no ring)
HPRegen 0.10/turn               (no ring)
MPRegen 0.10/turn               (no ring)
                                (no ring)
                                (no ring)

@: tree-form, hasted, very quick
A: stationary, stasis, torment immunity, boosted hp, almost no armour,
(amphibious), 8 rings, (camouflage 1), (gelatinous body 1), (nimble swimmer 1),
(tentacles)
a: no special abilities


You were on level 3 of the Dungeon.
You were a tree.
You visited 1 branch of the dungeon, and saw 3 of its levels.

You collected 46 gold pieces.

Inventory:

Hand Weapons
 d - a +0 whip (weapon)
Missiles
 c - 37 bolts
 g - 83 stones
 h - 18 arrows
 j - 18 sling bullets
 l - 2 throwing nets
Potions
 b - a potion of cancellation
 k - a potion of haste
 n - a potion of flight {unknown}


   Skills:
 + Level 2.5 Dodging
 + Level 3.7 Stealth
 + Level 2.4 Spellcasting
 + Level 4.3 Summonings


You had 3 spell levels left.
You knew the following spells:

 Your Spells              Type           Power      Damage    Failure   Level
a - Summon Small Mammal   Summ           64%        N/A       3%          1
b - Call Imp              Summ           16%        N/A       4%          2

Your spell library contained the following spells:

 Spells                   Type           Power      Damage    Failure   Level
 Call Canine Familiar     Summ           16%        N/A       10%         3
 Summon Guardian Golem    Hex/Summ       9%         N/A       22%         3
 Summon Lightning Spire   Summ/Air       9%         N/A       58%         4


Dungeon Overview and Level Annotations

Branches:
Dungeon (3/15)

Altars:


Innate Abilities, Weirdness & Mutations

You are a tree.
Your roots penetrate the ground, keeping you stationary.
You cannot be teleported.
You are immune to unholy pain and torment.
Your maximum health is greatly increased.
You cannot wear most types of armour.
((You are amphibious.))
You can wear up to eight rings at the same time.
((Your skin changes colour to match your surroundings (Stealth+).))
((Your rubbery body absorbs attacks. (AC +1, EV +1)))
((You are camouflaged when in or above water. (Stealth+)))
((You have tentacles for arms and can constrict up to eight enemies at once.))


Message History

You hit the adder. Your grab misses the adder.
The adder is lightly wounded.
The adder bites you.
You are poisoned.
The adder poisons you! The adder barely misses you.
You barely miss the adder. Your grab misses the adder.
Your squeeze misses the adder.
The adder is lightly wounded.
You feel sick. The adder completely misses you.
Your crimson imp hits the orc.
You hit the adder but do no damage. Your grab misses the adder.
You squeeze the adder!
The adder is almost dead.
You feel sick. The adder barely misses you.
Your crimson imp barely misses the orc.
The adder bites you.
You barely miss the adder. Your grab misses the adder.
The adder is almost dead.
You feel sick.
You are no longer poisoned.
Something hits your crimson imp.
Your crimson imp closely misses the orc.
The adder bites you.
You aren't carrying any scrolls.
Really quaff the potion of lignification?
You turn into a tree.
Your roots penetrate the ground.
The adder bites you but does no damage.
Your crimson imp blinks!
You feel yourself speed up. The adder bites you but does no damage.
The adder bites you.
* * * LOW HITPOINT WARNING * * *
You barely miss the adder.
The adder is almost dead.
The adder bites you but does no damage.
You barely miss the adder.
The adder is almost dead.
The adder completely misses you.
You hit the adder but do no damage.
The adder is almost dead.
The orc priest mumbles some strange prayers to Beogh against you.
Beogh smites you!
You die...

# #.#
#.## #..#
##.## .
#..# ≈.
##.# .≈.
#.# §.≈.
#.# §≈.≈.
#♣#
≈...≈.#S#
.≈.≈..oo#
#.§...'.#
.≈.≈..'.#
≈...≈.###
.≈.≈.)
..≈..#
.≈..#


You could see an orc priest, an adder and an orc.

Vanquished Creatures
  A worm (D:2)
  5 bats
  4 endoplasms
  3 goblins
  5 hobgoblins
  3 quokkas
  4 ball pythons
  2 frilled lizards
27 creatures vanquished.

Vanquished Creatures (collateral kills)
  An orc (D:3)
  A bat (D:1)
  A giant cockroach (D:2)
  A goblin (D:2)
  A hobgoblin (D:1)
  A quokka (D:1)
  2 ball pythons (D:1)
  A kobold (D:1)
  A rat (D:2)
10 creatures vanquished.

Grand Total: 37 creatures vanquished

Notes
Turn   | Place    | Note
-------+----------+-------------------------------------------
     0 | D:1      | croobank the Octopode Summoner began the quest for the Orb.
     0 | D:1      | Reached XP level 1. HP: 11/11 MP: 3/3
   491 | D:1      | Reached XP level 2. HP: 10/17 MP: 1/5
  1330 | D:2      | Reached XP level 3. HP: 21/21 MP: 2/6
  1394 | D:2      | Found a faded altar of an unknown god.
  1938 | D:2      | Noticed an ogre
  2076 | D:2      | Learned a level 2 spell: Call Imp
  2257 | D:3      | Killed from afar by an orc priest

Illustrated notes

Levels and vault maps discovered:
D:1:      psy_arrival_radial01, layout_basic
D:2:      layout_basic, dreamdust_ecumenical_altar_statues
D:3:      layout_rooms, gammafunk_ghost_necromancy, st_stairs_1,
          kennysheep_cluttered_room

Skill      XL: |  1 |
---------------+----+-----
Stealth        | 3 |  3.7
Dodging        | |  2.5
Spellcasting   | |  2.4
Summonings     | |  4.3

Action                   || total
-------------------------++-------
Melee: Unarmed           ||    19
       Constrict         ||    23
       Punch             ||     3
       Whip              ||    69
       Tentacles         ||     9
 Cast: Summon Small Mamm ||    29
       Call Imp          ||     3
  Use: Scroll            ||     6
       Potion            ||     2
 Stab: Sleeping          ||     6
Armor: Skin              ||    15
Dodge: Dodged            ||    82

Table legend: (Time is in decaauts)
 A = Elapsed time spent in this place.
 B = Non-inter-level travel time spent in this place.
 C = Inter-level travel time spent in this place.
 D = Time resting spent in this place.
 E = Time spent auto-exploring this place.
 F = Levels seen in this place.
 G = Mean time per level.
                   A        B        C        D        E       F      G
               +--------+--------+--------+--------+--------+-----+--------+
         Total |   2262 |   2231 |     31 |    574 |   1257 |   3 |  754.0 |
       Dungeon |   2262 |   2231 |     31 |    574 |   1257 |   3 |  754.0 |
               +--------+--------+--------+--------+--------+-----+--------+

Top non-repeatable levels by time:
     D:1: 1224 daAuts
     D:2: 998 daAuts
     D:3: 39 daAuts
